 Dungeon Crawl Stone Soup version 0.28-a0-768-g8c92f1e708 (webtiles) character file.

Game seed: 11776502817500003658

329 Johnny the Slasher (level 6, 0/49 HPs)
             Began as a Human Berserker on Oct 31, 2021.
             Was a Priest of Trog.
             Slain by a bullfrog (3 damage)
             ... in a sewer.
             The game lasted 00:04:16 (4077 turns).

Johnny the Slasher (Human Berserker)                Turns: 4077, Time: 00:04:16

Health: 0/49       AC:  6    Str: 18 (20) XL:     6   Next: 80%
Magic:  6/6        EV: 10    Int:  5 (7)  God:    Trog [***...]
Gold:   151        SH:  0    Dex: 14      Spells: 5/5 levels left

rFire   . . .      SeeInvis .   a - +0 falchion
rCold   . . .      Faith    +   (no shield)
rNeg    . . .      Spirit   .   c - +0 scale mail
rPois   .          Reflect  .   (helmet restricted)
rElec   .          Harm     .   (no cloak)
rCorr   .          Rampage  .   (no gloves)
Will    ++...                   (no boots)
Stlth   ..........              f - amulet of faith
HPRegen 1.16/turn               (no ring)
MPRegen 0.10/turn               (no ring)

@: brilliant, lethally poisoned (0 -> -1), about to teleport, strong-willed
(expiring), regenerating (expiring), very slow
A: antennae 1, talons 1, agile 1, passive freeze
a: Renounce Religion, Berserk, Trog's Hand


You were in a sewer.
You worshipped Trog.
Trog was most pleased with you.
You visited 1 branch of the dungeon, and saw 4 of its levels.
You also visited: Sewer.

You collected 151 gold pieces.

Inventory:

Hand Weapons
 a - a +0 falchion (weapon)
Armour
 c - a +0 scale mail (worn)
 e - a +0 cloak
Jewellery
 f - an amulet of faith (around neck)
Scrolls
 b - a scroll of acquirement {unknown}
 d - a scroll of identify
 j - a scroll of holy word {unknown}
 n - a scroll of noise {unknown}
 o - a scroll of fear {unknown}
 p - a scroll of summoning {unknown}
 q - a scroll of magic mapping
Potions
 g - a potion of haste
 h - a potion of brilliance
 i - a potion of degeneration
 l - a potion of invisibility {unknown}


   Skills:
 + Level 4.7 Fighting
 * Level 6.0 Long Blades
 - Level 2.0 Armour
 - Level 2.0 Dodging


You had 5 spell levels left.
You didn't know any spells.
Your spell library was empty.

Dungeon Overview and Level Annotations

Branches:
Dungeon (4/15)             Temple (0/1) D:4           Sewer (1/1)

Altars:
Nemelex Xobeh

Annotations:
D:4 2 runed translucent doors, paps's ghost, amateur DsGl


Innate Abilities, Weirdness & Mutations

You have a pair of small antennae on your head.
You have sharp toenails.
You are agile. (Dex +2)
A frigid envelope surrounds you and freezes all who hurt you.


Message History

You escape the ball python's grasp.
You feel very sick.
The bullfrog hits you but does no damage. x2
You feel the effects of Trog's Hand fading.
You feel sick. The bullfrog barely misses you.
The adder bites you but does no damage.
You enter the shallow water.
Moving in this stuff is going to be slow.
You feel very sick. The bullfrog hits you.
The bullfrog hits you but does no damage.
The adder completely misses you. The bullfrog hits you.
* * * LOW HITPOINT WARNING * * *
The ball python bites you but does no damage.
The ball python barely misses you.
The bullfrog hits you but does no damage.
The adder bites you.
* * * LOW HITPOINT WARNING * * *
The bullfrog hits you but does no damage.
The adder bites you.
* * * LOW HITPOINT WARNING * * *
It was a potion of brilliance.
You feel clever all of a sudden.
Your surroundings seem slightly different.
Splash!
You feel sick.
As you read the scroll of teleportation, it crumbles to dust.
You feel strangely unstable.
You feel sick. The ball python barely misses you. The ball python misses you.
The adder bites you.
* * * LOW HITPOINT WARNING * * *
You are more poisoned.
The adder poisons you! The bullfrog hits you.
* * * LOW HITPOINT WARNING * * *
It was a potion of mutation.
You feel extremely strange. A pair of antennae grows on your head!
Your skin feels very cold.
You feel agile.
Your toenails lengthen and sharpen.
You feel sick. The adder bites you but does no damage.
The adder is very cold.
The adder is heavily wounded.
The bullfrog hits you.
You die...

##.....
#... ..+
#......
#......#
##......
......
#......#
##...≈##
#.≈....#
#≈≈≈#≈≈#
#≈≈≈≈≈≈#
#≈≈≈≈≈≈#
#≈≈≈≈≈≈#
#≈≈≈≈≈≈#
#≈≈≈≈≈≈#
#≈≈l@F≈#
#≈≈≈≈≈≈#
#≈#SSSS#
#≈≈≈≈≈≈#
#≈SSF≈≈#
#≈≈≈≈≈≈#
#≈.S≈≈≈#
#≈≈≈≈≈≈#
#≈.≈≈≈≈#
#≈≈.≈.≈#
#≈≈≈≈≈≈#
#≈.....#
#≈≈≈≈≈≈#
#≈≈≈÷≈##
#≈≈≈≈≈≈#
#≈≈≈÷≈≈#
#≈≈≈≈≈≈#
#≈≈≈≈≈≈#


You could see 2 bullfrogs, 3 adders, 4 ball pythons and a frilled lizard.

Vanquished Creatures
  A hound (D:4)
  An orc wizard (D:4)
  10 adders
  9 river rats
  3 worms (D:4)
  2 dart slugs
  3 orcs (D:4)
  11 ball pythons
  4 endoplasms
  3 giant cockroaches
  6 goblins
  5 hobgoblins
  6 jackals (D:4)
  7 kobolds
  2 quokkas
  4 bats
  2 frilled lizards
  27 rats
106 creatures vanquished.

Notes
Turn   | Place    | Note
-------+----------+-------------------------------------------
     0 | D:1      | Johnny the Human Berserker began the quest for the Orb.
     0 | D:1      | Reached XP level 1. HP: 18/18 MP: 1/1
   142 | D:1      | Found a faded altar of an unknown god.
   309 | D:1      | Reached XP level 2. HP: 24/24 MP: 2/2
   710 | D:2      | Reached XP level 3. HP: 17/29 MP: 3/3
  1033 | D:2      | Reached skill level 4 in Long Blades
  1356 | D:2      | Found a sparkling altar of Nemelex Xobeh.
  1899 | D:3      | Reached XP level 4. HP: 35/35 MP: 4/4
  2011 | D:3      | Reached ** piety under Trog
  2570 | D:4      | Reached XP level 5. HP: 42/42 MP: 5/5
  2571 | D:4      | Found a runed translucent door.
  2605 | D:4      | Noticed paps's ghost (amateur DsGl)
  2697 | D:4      | Found a runed translucent door.
  2735 | D:4      | Found a staircase to the Ecumenical Temple.
  2754 | D:4      | Reached skill level 5 in Long Blades
  2847 | D:4      | Reached XP level 6. HP: 21/48 MP: 6/6
  2975 | D:4      | Found a glowing drain.
  2983 | Sewer    | Entered a sewer
  3680 | Sewer    | Reached skill level 6 in Long Blades
  3706 | Sewer    | Reached *** piety under Trog
  4077 | Sewer    | Gained mutation: You have a pair of small antennae on your
                  | head. [potion of mutation]
  4077 | Sewer    | Gained mutation: A frigid envelope surrounds you and
                  | freezes all who hurt you. [potion of mutation]
  4077 | Sewer    | Gained mutation: You are agile. (Dex +2) [potion of
                  | mutation]
  4077 | Sewer    | Gained mutation: You have sharp toenails. [potion of
                  | mutation]
  4077 | Sewer    | Slain by a bullfrog

Illustrated notes

Levels and vault maps discovered:
D:1:      minmay_arrival_cross, layout_rooms,
          shapermc_ecumenical_altar_rom_forum, amcnicky_mini_corridor_feature
D:2:      layout_basic, basic_altar
D:3:      layout_basic
D:4:      layout_loops_cross, minmay_temple_entry_slanted,
          ebering_ghost_sewer_f, lightli_sewer_entry_pipes, minmay_bent
Sewer:    sewer_minmay_w

Skill      XL: |  1  2  3  4  5  6 |
---------------+-------------------+-----
Long Blades    | 4 5 6 |  6.0
Fighting       | 4 |  4.7
Armour         | |  2.0
Dodging        | |  2.0

Action                   |  1- 3 |  4- 6 || total
-------------------------+-------+-------++-------
Melee: Falchion          |   112 |   384 ||   496
Invok: Berserk           |     2 |    10 ||    12
       Trog's Hand       |       |    10 ||    10
  Use: Potion            |       |     5 ||     5
       Scroll            |       |     3 ||     3
Armor: Animal skin       |     3 |       ||     3
       Scale mail        |    53 |   194 ||   247
Dodge: Dodged            |    60 |   244 ||   304

Table legend: (Time is in decaauts)
 A = Elapsed time spent in this place.
 B = Non-inter-level travel time spent in this place.
 C = Inter-level travel time spent in this place.
 D = Time resting spent in this place.
 E = Time spent auto-exploring this place.
 F = Levels seen in this place.
 G = Mean time per level.
                   A        B        C        D        E       F      G
               +--------+--------+--------+--------+--------+-----+--------+
         Total |   4256 |   4232 |     24 |    848 |   2253 |   5 |  851.2 |
       Dungeon |   3090 |   3066 |     24 |    291 |   1905 |   4 |  772.5 |
         Sewer |   1165 |   1165 |      0 |    557 |    348 |   1 | 1165.0 |
               +--------+--------+--------+--------+--------+-----+--------+

Top non-repeatable levels by time:
     D:2: 1175 daAuts
   Sewer: 1165 daAuts
     D:3: 827 daAuts
     D:1: 596 daAuts
     D:4: 491 daAuts
